 Dungeon Crawl Stone Soup version 0.29.1-15-g9cfb28693d (webtiles) character file.

Game seed: 689795293397624751

170 Artool the Ducker (level 5, 0/41 HPs)
             Began as a Demonspawn Gladiator on Apr 5, 2023.
             Shot with an arrow by a centaur (5 damage)
             ... on level 6 of the Dungeon.
             The game lasted 00:05:06 (3204 turns).

Artool the Ducker (Demonspawn Gladiator)            Turns: 3204, Time: 00:05:07

Health: 0/41       AC:  4    Str: 14    XL:     5   Next: 26%
Magic:  5/5        EV: 13    Int: 10    God:
Gold:   107        SH:  0    Dex: 16    Spells: 4/4 levels left

rFire   . . .      SeeInvis .   a - +0 flail
rCold   . . .      Faith    .   (no shield)
rNeg    . . .      Spirit   .   b - +0 leather armour
rPois   .          Reflect  .   c - +0 helmet
rElec   .          Harm     .   (no cloak)
rCorr   +          Rampage  .   (no gloves)
Will    .....                   (no boots)
Stlth   +.........              (no amulet)
HPRegen 0.13/turn               n - ring of resist corrosion
MPRegen 0.09/turn               (no ring)

@: no status effects
A: demonic guardian 2, sturdy frame 1
a: no special abilities


You were on level 6 of the Dungeon.
You visited 1 branch of the dungeon, and saw 5 of its levels.

You collected 107 gold pieces.

Inventory:

Hand Weapons
 a - a +0 flail (weapon)
Missiles
 d - 3 throwing nets (quivered)
 e - 4 javelins
 j - 3 poisoned darts
Armour
 b - a +0 leather armour (worn)
 c - a +0 helmet (worn)
Jewellery
 n - a ring of resist corrosion (left hand)
Scrolls
 f - a scroll of blinking {unknown}
 g - a scroll of summoning {unknown}
 h - a scroll of fear {unknown}
 i - 2 scrolls of fog {unknown}
 l - a scroll of noise {unknown}
 m - a scroll of enchant armour {unknown}
 o - 2 scrolls of identify {unknown}
 p - 2 scrolls of vulnerability {unknown}
 r - 2 scrolls of amnesia {unknown}
Potions
 k - 2 potions of heal wounds
 q - a potion of curing {unknown}
 s - a potion of ambrosia {unknown}


   Skills:
 + Level 3.5 Fighting
 + Level 3.7 Maces & Flails
 - Level 2.0 Throwing
 + Level 3.8 Dodging


You had 4 spell levels left.
You didn't know any spells.
Your spell library contained the following spells:

 Spells                   Type           Power      Damage    Failure   Level
 Inner Flame              Hex/Fire       0%         N/A       75%         3
 Cause Fear               Hex            0%         N/A       98%         4
 Discord                  Hex            0%         N/A       100%        8


Dungeon Overview and Level Annotations

Branches:
Dungeon (4/15)             Temple (0/1) D:6

Altars:
Dithmenos
Fedhas
Okawaru
Wu Jian

Shops:
D:2 [   D:3 ((((*


Innate Abilities, Weirdness & Mutations

A demonic guardian rushes to your aid.
Your movements are slightly less encumbered by armour. (ER -2)


Message History

The goblin closely misses you.
You sock the goblin!
You kill the goblin!
No target in view!
No target in view!
No target in view!
No target in view!
You see here a +0 dagger.
There is a shaft here.
A sourceless malevolence fills the Dungeon...
You fall into a shaft and drop 2 floors!
The shaft crumbles and collapses.
Found a sling.
Found a book of Hexes.
Found a stone staircase leading down.
You see here a +0 sling.
Found a scroll labelled QARPHO RILE.
Found a scroll labelled QAM YCLOOJOH.
o - 2 scrolls labelled QARPHO RILE (gained 1)
Found a pink potion.
You pick up a book of Hexes and begin reading...
You add the spells Inner Flame, Cause Fear and Discord to your library.
r - 2 scrolls labelled QAM YCLOOJOH (gained 1)
Found a staircase to the Ecumenical Temple.
A centaur comes into view.
You see here a pink potion.
s - a pink potion The centaur shouts!
The centaur wields a +0 shortbow.
The centaur shoots an arrow.
The arrow misses you.
Found 11 gold pieces.
The centaur shoots an arrow.
The arrow hits you.
The centaur shoots an arrow.
The arrow barely misses you.
The centaur shoots an arrow.
The arrow hits you!
The centaur shoots an arrow.
The arrow closely misses you.
The centaur shoots an arrow.
The arrow hits you!
Found a glowing whip.
The centaur shoots an arrow.
The arrow hits you!
* * * LOW HITPOINT WARNING * * *
A demonic guardian appears!
The centaur shoots an arrow.
The arrow hits you.
You die...

... ..# #.. .) ..# ..
.. . ##.##.##.##...
..#.........#..
#...............
#..⌠...⌠..#.....
.##.........#......
.......@..........##
..#....4....#......#.
.#..⌠...⌠..#........
..............c......
.##.........#......#
##.##.##.##......###
.....................
......................#
......................#


You could see a centaur (ally target) and a friendly orange demon (summoned).

Vanquished Creatures
  A scorpion (D:4)
  Jessica (D:2)
  A gnoll (D:1)
  2 adders
  2 dart slugs
  A bat (D:1)
  4 endoplasms
  4 giant cockroaches
  7 goblins
  3 hobgoblins
  3 quokkas
  6 ball pythons
  A frilled lizard (D:3)
  5 kobolds
  4 rats
45 creatures vanquished.

Vanquished Creatures (collateral kills)
  A worm (D:4)
  A bat (D:1)
2 creatures vanquished.

Grand Total: 47 creatures vanquished

Notes
Turn   | Place    | Note
-------+----------+-------------------------------------------
     0 | D:1      | Artool the Demonspawn Gladiator began the quest for the
                  | Orb.
     0 | D:1      | Reached XP level 1. HP: 16/16 MP: 1/1
     3 | D:1      | Noticed an electric eel
     4 | D:1      | Noticed an electric eel
    82 | D:1      | Gained mutation: A weak demonic guardian rushes to your
                  | aid. [demonic ancestry]
    82 | D:1      | Reached XP level 2. HP: 7/22 MP: 2/2
   754 | D:1      | Reached XP level 3. HP: 28/28 MP: 3/3
   978 | D:2      | Found Uwkash's Antique Armour Boutique.
  1588 | D:2      | Noticed Jessica
  1594 | D:2      | Killed Jessica
  1595 | D:2      | Gained mutation: Your movements are slightly less
                  | encumbered by armour. (ER -2) [demonic ancestry]
  1595 | D:2      | Reached XP level 4. HP: 35/35 MP: 4/4
  1842 | D:3      | Found a shadowy altar of Dithmenos.
  1843 | D:3      | Found an ornate altar of the Wu Jian Council.
  1843 | D:3      | Found a blossoming altar of Fedhas.
  1844 | D:3      | Found an iron altar of Okawaru.
  1906 | D:3      | Found Cievepn's Antique Weapon Emporium.
  1936 | D:3      | Found Qimovy's Weapon Boutique.
  2011 | D:3      | Found Feczom's Antique Weapon Shop.
  2012 | D:3      | Found Jamuwnesk's Weapon Shop.
  2278 | D:3      | Found Riph's Assorted Antiques.
  2500 | D:4      | Noticed a scorpion
  2513 | D:4      | HP: 1/35 [scorpion (2)]
  2515 | D:4      | Killed a scorpion
  2516 | D:4      | Gained mutation: A demonic guardian rushes to your aid.
                  | [demonic ancestry]
  2516 | D:4      | Reached XP level 5. HP: 19/41 MP: 5/5
  3169 | D:4      | You fall into a shaft and drop 2 floors!
  3194 | D:6      | Found a staircase to the Ecumenical Temple.
  3195 | D:6      | Noticed a centaur
  3204 | D:6      | Shot with an arrow by a centaur

Illustrated notes

Levels and vault maps discovered:
D:1:      arrival_aquarium_b, layout_rooms
D:2:      layout_basic, serial_shops, nicolae_shop_advertising_works
          [nicolae_subvault_shop_adworks], uniq_jessica
D:3:      layout_rooms, chequers_temple_overflow_statue_of_worship,
          serial_shops, shop_fountains, shop_statue, shop, shop, shop,
          minmay_close_crescents
D:4:      layout_cave_pools, mainiacjoe_overflow_two_lobes
D:6:      layout_cave_pools, minmay_temple_entry_large_hall

Skill      XL: |  1  2  3 |
---------------+----------+-----
Throwing       | 2 |  2.0
Dodging        | 3 |  3.8
Maces & Flails | 3 |  3.7
Fighting       | 3 |  3.5

Action                   |  1- 3 |  4- 6 || total
-------------------------+-------+-------++-------
Melee: Flail             |    81 |    72 ||   153
       Punch             |     1 |     1 ||     2
  Use: Potion            |       |     2 ||     2
Armor: Leather armour    |    32 |     9 ||    41
Dodge: Dodged            |    58 |    56 ||   114
